 Dungeon Crawl Stone Soup version 0.20.0-10-g0535bb4 (webtiles) character file.

3145 kraftydee the Basher (level 9, -11/59 HPs)
             Began as a Gargoyle Fighter on June 4, 2017.
             Was a Follower of Makhleb.
             Killed from afar by a rakshasa (38 damage)
             ... with an orb of energy
             ... on level 1 of the Abyss.
             The game lasted 00:14:29 (6455 turns).

kraftydee the Basher (Gargoyle Fighter)             Turns: 6455, Time: 00:14:30

Health: -11/59     AC: 13    Str: 24    XL:     9   Next: 93%
Magic:  9/9        EV:  9    Int:  8    God:    Makhleb [*.....]
Gold:   464        SH: 14    Dex: 11    Spells: 8/8 levels left

rFire    . . .     SeeInvis .   y - +1 flail (protect)
rCold    . . .     Gourm    .   c - +0 shield
rNeg     + . .     Faith    .   b - +0 scale mail
rPois    ∞         Spirit   .   (helmet restricted)
rElec    +         Reflect  +   (no cloak)
rCorr    .         Harm     .   (no gloves)
MR       .....     Rnd*Rage +   (no boots)
Stlth    ..........             h - +3 amulet of reflection
Regen    0.2/turn               w - ring of flight
MPRegen  0.2/turn               (no ring)

@: no status effects
A: horns 1, agile 1, berserk 1, negative energy resistance 1, robust 1,
electricity resistance, unbreathing, petrification resistance, rot immunity, AC
+5
a: Renounce Religion, Evoke Flight


You were on level 1 of the Abyss.
You worshipped Makhleb.
Makhleb was aware of your devotion.
You were very hungry.

You visited 1 branch of the dungeon, and saw 8 of its levels.
You visited the Abyss 1 time.

You collected 464 gold pieces.

Inventory:

Hand Weapons
 a - a +0 flail
 l - the +1 quarterstaff "Fizemmyj" {vamp, +Blink rPois Str+2}
   (You found it on level 4 of the Dungeon)

   It inflicts no extra harm, but heals its wielder when it wounds a living foe.
   It affects your strength (+2).
   It protects you from poison.
   It lets you blink.
 y - a +1 flail of protection (weapon)
Armour
 b - a +0 scale mail (worn)
 c - a +0 shield (worn)
 j - a +0 helmet
 J - a +2 chain mail of fire resistance
Jewellery
 h - a +3 amulet of reflection (around neck)
 o - an uncursed amulet of faith
 w - a ring of flight (left hand)
Wands
 i - a wand of flame (12/48)
 m - a wand of random effects (9/48)
 t - a wand of flame (35/48)
Scrolls
 d - a scroll of teleportation
 e - a scroll of recharging {unknown}
 g - 3 scrolls of remove curse
 n - a scroll of amnesia {unknown}
 q - a scroll of random uselessness {unknown}
 u - 2 scrolls of fog {unknown}
 A - 2 scrolls of enchant armour {unknown}
 B - a scroll of vulnerability {unknown}
 C - a scroll of identify
 D - a scroll of silence {unknown}
 H - a scroll of enchant weapon {unknown}
 I - a scroll of fear {unknown}
Potions
 k - a potion of cancellation
 p - 2 potions of curing {unknown}
 r - a potion of flight {unknown}
 s - 2 potions of brilliance {unknown}
 v - 3 potions of magic {unknown}
 F - a potion of haste {unknown}
 G - a potion of agility {unknown}
Books
 x - a book of Geomancy

   Spells                             Type                      Level
   a - Sandblast                      Earth                        1
   b - Passwall                       Transmutation/Earth          2
   c - Stone Arrow                    Conjuration/Earth            3
   d - Petrify                        Transmutation/Earth          4
   e - Lee's Rapid Deconstruction     Earth                        5
Comestibles
 f - 6 bread rations
 z - 4 royal jellies
 E - a fruit


   Skills:
 + Level 5.0 Fighting
 * Level 10.4 Maces & Flails
 + Level 5.5 Armour
 + Level 2.9 Dodging
 + Level 1.4 Stealth
 + Level 7.1 Shields


You had 8 spell levels left.
You didn't know any spells.

Dungeon Overview and Level Annotations

Branches:
Dungeon (8/15)
 Temple: D:4-7         Lair: D:8-11

Altars:
Makhleb
Yredelemnul

Annotations:
D:8 Grum


Innate Abilities, Weirdness & Mutations

You are resistant to torment.
Your stone body is resilient. (AC +5)
You are immune to poison.
You resist negative energy. (rN+)
You are resistant to electric shocks. (rElec)
You can survive without breathing.
You are immune to petrification.
You are immune to rotting.
You have a pair of small horns on your head.
You are agile. (Dex +2)
You tend to lose your temper in combat.
You are robust. (+10% HP)


Message History

Grum is heavily wounded.
You hit Grum but do no damage.
Grum is heavily wounded.
Grum hits you with a glaive of distortion!
You are cast into the Abyss!
To return, you must find a gate leading back.
Killing monsters will force the Abyss to allow you passage.
This branch contains the abyssal rune of Zot.
Found 22 gold pieces and a shiny chain mail.
Unknown command.
You are feeling very hungry.
You see here a shiny chain mail.
J - a shiny chain mail You start resting.
A rakshasa comes into view. It is wielding a whip.
Unknown command.
The rakshasa gestures at you. The orb of energy hits you!
Ouch! That really hurt!
You die...

.# . . .## #
..#.##. ..##
#.###.#.#.# .# ...
......... #..##..
##..#....####
#....
#...........#
#...###.....#.....
#..@....##...#
#.#####.R..# .. #
#.##.# .# #.#...##
.####.
####....##......
#.....#.R.# # # #
..........R.. .
#..#..#. .. ####
.. #.#.#..##


You could see a rakshasa.

Vanquished Creatures
  The ghost of Zwobot the Cutter, a novice DsCK of Xom (D:6)
  Sigmund (D:6)
  A steam dragon (D:8)
  Menkaure (D:7)
  Edmund (D:6)
  2 phantoms
  An orc warrior (D:7)
  A black bear (D:8)
  A necrophage (D:6)
  An ogre (D:4)
  2 wolves (D:8)
  4 centaurs
  4 bullfrogs
  2 scorpions
  A howler monkey (D:6)
  2 crimson imps
  3 bullfrog zombies
  A quasit (D:7)
  An orc priest (D:7)
  Crazy Yiuf (D:2)
  2 centaur skeletons
  An iguana (D:4)
  4 hounds
  Jessica (D:2)
  Terence (D:2)
  Natasha (twice) (D:3)
  5 worker ants
  A hound skeleton (D:8)
  A worker ant zombie (D:5)
  3 gnolls (D:2)
  8 adders
  A shadow imp (D:7)
  2 oozes (D:3)
  An adder zombie (D:4)
  3 worms
  2 dart slugs
  5 leopard geckos
  13 orcs
  A ball python (D:3)
  7 giant cockroaches
  6 goblins
  10 hobgoblins
  13 jackals
  5 kobolds
  3 quokkas
  7 bats
  5 frilled lizards
  A leopard gecko skeleton (D:4)
  9 rats
155 creatures vanquished.

Vanquished Creatures (others)
  A goblin (D:3)
1 creature vanquished.

Grand Total: 156 creatures vanquished

Notes
Turn   | Place    | Note
-------+----------+-------------------------------------------
     0 | D:1      | kraftydee the Gargoyle Fighter began the quest for the Orb.
     0 | D:1      | Reached XP level 1. HP: 14/14 MP: 1/1
   323 | D:1      | Reached XP level 2. HP: 19/19 MP: 2/2
  1059 | D:2      | Reached XP level 3. HP: 23/23 MP: 3/3
  1150 | D:2      | Noticed Terence
  1159 | D:2      | Killed Terence
  1159 | D:2      | Reached skill level 3 in Maces & Flails
  1159 | D:2      | Reached XP level 4. HP: 23/28 MP: 4/4
  1282 | D:2      | Found a runed door.
  1465 | D:2      | Noticed Jessica
  1492 | D:2      | Killed Jessica
  1497 | D:2      | Reached XP level 5. HP: 3/33 MP: 5/5
  1934 | D:2      | Noticed Crazy Yiuf
  1940 | D:2      | Paralysed by Crazy Yiuf for 4 turns
  1944 | D:2      | Killed Crazy Yiuf
  1944 | D:2      | Reached skill level 4 in Maces & Flails
  1944 | D:2      | Reached skill level 1 in Dodging
  2413 | D:3      | Noticed Natasha
  2424 | D:3      | Killed Natasha
  2424 | D:3      | Reached XP level 6. HP: 38/38 MP: 6/6
  2720 | D:3      | Noticed Natasha
  2727 | D:3      | Killed Natasha
  2738 | D:3      | Gained mutation: You tend to lose your temper in combat. [potion of mutation]
  2738 | D:3      | Gained mutation: You are agile. (Dex +2) [potion of mutation]
  2738 | D:3      | Gained mutation: You are robust. (+10% HP) [potion of mutation]
  2738 | D:3      | Gained mutation: You have a pair of small horns on your head. [potion of mutation]
  2904 | D:4      | Reached skill level 5 in Maces & Flails
  3031 | D:4      | Noticed a phantom
  3051 | D:4      | Killed a phantom
  3051 | D:4      | Reached XP level 7. HP: 42/47 MP: 7/7
  3068 | D:4      | Got an ancient quarterstaff
  3069 | D:4      | Identified the +1 quarterstaff "Fizemmyj" {vamp, +Blink rPois Str+2} (You found it on level 4 of the Dungeon)
  3209 | D:4      | Reached skill level 6 in Maces & Flails
  3674 | D:5      | Entered Level 5 of the Dungeon
  3891 | D:5      | Reached skill level 7 in Maces & Flails
  3891 | D:5      | Reached XP level 8. HP: 43/52 MP: 8/8
  3934 | D:5      | Found a basalt altar of Yredelemnul.
  3943 | D:5      | Reached skill level 5 in Shields
  4262 | D:6      | Noticed Edmund
  4272 | D:6      | Killed Edmund
  4315 | D:6      | Noticed Sigmund
  4329 | D:6      | Killed Sigmund
  4419 | D:6      | Noticed Zwobot's ghost (novice DsCK)
  4436 | D:6      | Killed Zwobot's ghost
  4436 | D:6      | Reached skill level 8 in Maces & Flails
  4479 | D:6      | Found a burning altar of Makhleb.
  4493 | D:6      | Became a worshipper of Makhleb the Destroyer
  4589 | D:6      | Reached XP level 9. HP: 55/57 MP: 9/9
  4740 | D:6      | Reached skill level 9 in Maces & Flails
  4756 | D:6      | Reached skill level 5 in Armour
  4859 | D:6      | Reached skill level 1 in Stealth
  5039 | D:7      | Noticed Menkaure
  5056 | D:7      | Killed Menkaure
  5056 | D:7      | Reached * piety under Makhleb
  5368 | D:7      | Noticed a gargoyle
  5368 | D:7      | Noticed a seven-headed hydra
  5802 | D:8      | Reached skill level 10 in Maces & Flails
  6383 | D:8      | Noticed Grum
  6389 | D:8      | Reached skill level 5 in Fighting
  6414 | D:8      | Cast into level 1 of the Abyss (Grum)
  6441 | Abyss:1  | Noticed a rakshasa
  6455 | Abyss:1  | Killed from afar by a rakshasa

Skill      XL: |  1  2  3  4  5  6  7  8  9 |
---------------+----------------------------+-----
Maces & Flails | 3 4 5 7 8 10 | 10.4
Armour         | 4 5 |  5.5
Dodging        | 1 2 |  2.9
Fighting       | 4 5 |  5.0
Shields        | 4 6 7 |  7.1
Stealth        | 1 |  1.4

Action                   |  1- 3 |  4- 6 |  7- 9 || total
-------------------------+-------+-------+-------++-------
Melee: Flail             |   133 |   208 |   341 ||   682
       Headbutt          |       |     5 |    70 ||    75
  Use: Scroll            |       |     6 |     5 ||    11
       Potion            |       |     5 |     1 ||     6
 Stab: Invisible         |       |       |     2 ||     2
  Eat: Chunk             |       |     3 |     6 ||     9
       Bread ration      |       |     1 |     1 ||     2
Armor: Scale mail        |   103 |    83 |   175 ||   361
Dodge: Dodged            |    70 |    67 |   116 ||   253
Block: Shield            |    90 |   149 |   248 ||   487
       Reflection        |       |     3 |     6 ||     9
